 Dungeon Crawl Stone Soup version 0.30.0-20-g3615ddf2f0 (webtiles) character file.

Game seed: 12612031460428943450

21 qw the Shield-Bearer (level 2, -4/19 HPs)
             Began as a Gargoyle Fighter on May 28, 2023.
             Slain by a cerulean imp
             ... wielding a +2 spear
             ... summoned by Natasha
              (6 damage)
             ... on level 2 of the Dungeon.
             The game lasted 00:00:21 (815 turns).

qw the Shield-Bearer (Gargoyle Fighter)              Turns: 815, Time: 00:00:21

Health: -4/19      AC:  9    Str: 19    XL:     2   Next: 87%
Magic:  2/2        EV:  9    Int:  8    God:
Gold:   78         SH:  4    Dex:  9    Spells: 1/1 levels left

rFire   . . .        Y - +0 war axe
rCold   . . .        c - +0 buckler
rNeg    + . .        b - +0 scale mail
rPois   inf          (no helmet)
rElec   +            (no cloak)
rCorr   .            (no gloves)
SInv    .            (no boots)
Will    .....        (no amulet) Stlth
                     (no ring)
HPRegen 0.23/turn    (no ring)
MPRegen 0.08/turn

%: no passive effects
@: slowed, very slow
A: sickness immunity, AC +2, negative energy resistance 1, electricity
resistance, torment resistance 1, petrification resistance
a: no special abilities


You were on level 2 of the Dungeon.
You visited 1 branch of the dungeon, and saw 2 of its levels.

You collected 78 gold pieces.


Innate Abilities, Weirdness & Mutations

You are immune to sickness and miasma.
Your stone body is resilient. (AC +2)
You are immune to poison.
You resist negative energy. (rN+)
You are resistant to electric shocks. (rElec)
You are resistant to unholy torment.
You are immune to petrification.


   Skills:
 - Level 3.2 Fighting
 + Level 3.0 Axes
 - Level 3.2 Armour
 - Level 3.2 Shields


You had one spell level left.
You didn't know any spells.
Your spell library was empty.

Inventory:

Hand Weapons
 j - a +0 whip
 Y - a +0 war axe (weapon)
Armour
 b - a +0 scale mail (worn)
 c - a +0 buckler (worn)
Potions
 d - a potion of might
 e - a potion of attraction {unknown}
 f - a potion of curing {unknown}
 g - a potion of lignification {unknown}

Dungeon Overview and Level Annotations

Branches:
Dungeon (2/15)

Altars:

Annotations:
D:2 Natasha


Message History

You hit the ball python.
The ball python is heavily wounded.
You hit Natasha but do no damage.
Natasha mumbles some strange words.
The ball python bites you. The ball python constricts you.
Natasha claws you but does no damage. The ball python bites you.
The ball python constricts you.
You closely miss the ball python.
The ball python is heavily wounded.
You hit the cerulean imp. You closely miss Natasha. The ball python bites you.
The ball python constricts you. Natasha claws you but does no damage.
The ball python closely misses you. The ball python constricts you.
The cerulean imp hits you with a +0 spear.
You block Natasha's attack. The ball python barely misses you.
The ball python constricts you.
The cerulean imp hits you but does no damage.
You hit the ball python.
You kill the ball python!
You miss Natasha. You barely miss the cerulean imp.
Natasha claws you but does no damage.
The cerulean imp hits you but does no damage.
Natasha barely misses you.
The cerulean imp hits you with a +0 spear.
Natasha closely misses you.
Your Axes skill increases to level 3!
You closely miss Natasha.
Natasha is heavily wounded.
You closely miss the cerulean imp. The cerulean imp barely misses you.
Natasha claws you but does no damage.
The cerulean imp hits you but does no damage.
Natasha casts a spell.
You barely miss Natasha.
Natasha is heavily wounded.
You closely miss the cerulean imp. You barely miss the cerulean imp.
The cerulean imp closely misses you. Natasha casts a spell at you.
You resist with significant effort.
The cerulean imp hits you with a +2 spear.
You die...

###### .. ..# #
#.##.# ######.###
#.##.#######.5h......
#
#...........<@.......
#.
#.##.###)###5####.###
#.##.##.# #.# #.#
#.......# #.# #.#
###.).### #.# #.#
#.<.# #.# #.# #...#
#.# #.# ##.## #.# #$#
#.# #.#


You could see Natasha and 2 cerulean imps.

Vanquished Creatures
  An endoplasm (D:1)
  5 hobgoblins (D:1)
  A quokka (D:1)
  3 ball pythons
  2 bats (D:1)
  2 frilled lizards (D:1)
  5 kobolds
  A rat (D:1)
20 creatures vanquished.

Notes
Turn   | Place    | Note
-------+----------+-------------------------------------------
     0 | D:1      | qw the Gargoyle Fighter began the quest for the Orb.
     0 | D:1      | Reached XP level 1. HP: 14/14 MP: 1/1
     0 | D:1      | 0 ||| qw: Version: 0.2-a-101-gf8a7cd0
     0 | D:1      | 0 ||| qw: Game counter: 254
     0 | D:1      | 0 ||| qw: Always use a shield: true
     0 | D:1      | 0 ||| qw: God list: Okawaru
     0 | D:1      | 0 ||| qw: Allow faded altars: false
     0 | D:1      | 0 ||| qw: Do Orc after D:15 true
     0 | D:1      | 0 ||| qw: Do second Lair branch before Depths: true
     0 | D:1      | 0 ||| qw: Lair rune preference: random
     0 | D:1      | 0 ||| qw: Plans: Normal, Zot:1-4, Slime:5, God:TSO, Crypt,
                  | Tomb, Pan, Hells, Abyss, Win
     0 | D:1      | 0 ||| PLANNING D:1-11
   116 | D:1      | 116 ||| Stepping ~*~*~tactically~*~*~ (hiding).
   197 | D:1      | Reached XP level 2. HP: 19/19 MP: 2/2
   600 | D:1      | 600 ||| Stepping ~*~*~tactically~*~*~ (hiding).
   603 | D:1      | 603 ||| Stepping ~*~*~tactically~*~*~ (hiding).
   641 | D:1      | 641 ||| DROPPING +0 club.
   671 | D:1      | 671 ||| READING scroll labelled WODUME HUISAIVU.
   697 | D:2      | 697 ||| Stepping ~*~*~tactically~*~*~ (hiding).
   806 | D:2      | Noticed Natasha
   813 | D:2      | HP: 1/19 [cerulean imp/+0 spear[Natasha] (4)]
   814 | D:2      | Reached skill level 3 in Axes
   815 | D:2      | Slain by a cerulean imp

Levels and vault maps discovered:
D:1:      minmay_arrival_arboretum_small, layout_loops_ring
D:2:      layout_loops_ring, uniq_natasha

Skill      XL: |  1  2 |
---------------+-------+-----
Axes           | 2 3 |  3.0
Fighting       | |  3.2
Armour         | |  3.2
Shields        | |  3.2

Action                     || total
---------------------------++-------
  Melee: War axe           ||    66
    Use: Scroll            ||     1
 Armour: Scale mail        ||    28
  Dodge: Dodged            ||    40
  Block: Buckler           ||    16

Table legend:
 A = Non-vault XP
 B = Vault XP
 C = Vault XP percentage of total XP
 D = Non-vault monster count
 E = Vault monster count
 F = Vault count percentage of total count
                 A         B        C        D         E       F
            +---------+---------+-------+---------+---------+-------
      Total |      31 |       0 |   0.0 |      20 |       0 |   0.0
            +---------+---------+-------+---------+---------+-------
        D:1 |      26 |       0 |   0.0 |      17 |       0 |   0.0
        D:2 |       5 |       0 |   0.0 |       3 |       0 |   0.0
            +---------+---------+-------+---------+---------+-------
